AoeStats
← MC0LEE

Arena

510437111Analyzed
1v1 RM · 13h ago on Oct 1, 2026· 41m 7s· 2 players
Game mode
Random Map
Map size
Tiny (2 player)
Population
200
Speed
Normal
Resources
Standard
Victory
Conquest
Starting age
Dark Age
Ending age
Imperial Age
RankedLock teamsTeams togetherTeam positionsShared explorationLock speedFull tech treeHidden civsTurbo modeCheats
Victory
Defeat
🇲🇽 Bulgarians · Mexico
1024
+17
🇹🇷 Khmer · Türkiye
1052
-17
Inge
10:49 Feudal Age
14:59 Castle Age
12:59 Double-Bit Axe
12:57 Horse Collar
16:01 Bow Saw
17:02 Loom
19:43 Heavy Plow
23:36 Wheelbarrow
22:52 Town Watch
29:14 Imperial Age
26:53 Scale Barding Armor
27:36 Chain Barding Armor
27:17 Scale Mail Armor
27:28 Forging
27:25 Gold Mining
27:26 Stone Mining
27:52 Stirrups
27:20 Pikeman
28:03 Squires
28:41 Hand Cart
29:07 Gambesons
29:10 Arson
29:43 Chain Mail Armor
30:04 Iron Casting
30:49 Conscription
30:25 Halberdier
31:42 Plate Barding Armor
31:38 Plate Mail Armor
32:10 Blast Furnace
31:31 Elite Konnik
33:23 Bagains
34:39 Fletching
35:33 Ballistics
36:15 Chemistry
35:14 Bodkin Arrow
35:53 Crop Rotation
38:46 Siege Engineers
40:28 Bracer
MC0LEE
0:27 Loom
15:50 Feudal Age
18:31 Castle Age
16:21 Horse Collar
16:40 Double-Bit Axe
17:04 Stone Mining
19:25 Bow Saw
19:18 Heavy Plow
20:03 Stone Shaft Mining
20:01 Gold Mining
24:27 Gold Mining
25:17 Wheelbarrow
24:31 Town Watch
26:15 Gold Shaft Mining
27:48 Hand Cart
29:58 Light Cavalry
30:48 Bloodlines
30:38 Husbandry
34:57 Imperial Age
34:36 Ballistics
34:28 Masonry
34:13 Murder Holes
34:28 Fortified Wall
34:21 Padded Archer Armor
34:12 Fletching
34:27 Scale Barding Armor
34:33 Forging
35:19 Leather Archer Armor
36:22 Crop Rotation
37:04 Chemistry
36:38 Architecture
36:03 Murder Holes
36:19 Fortified Wall
36:06 Bodkin Arrow
37:54 Town Patrol
38:36 Ring Archer Armor
38:26 Chain Barding Armor
38:42 Iron Casting
39:46 Conscription
Connection lost

Rejoining the realm…

Still unreachable

The connection could not be restored.

Session expired

The server has moved on; the page needs a fresh start.